[Event "ICC tourney 2462 (45 10)"]
[Site "Internet Chess Club"]
[Date "2021.03.20"]
[Round "5"]
[White "YANG, LEO:yanje03"]
[Black "RODENSTEIN, ALAN:arconsul2"]
[Result "1-0"]
[ICCResult "Black resigns"]
[WhiteElo "1678"]
[BlackElo "1756"]
[Opening "Caro-Kann: anti-anti-Caro-Kann defense"]
[ECO "B10"]
[NIC "CK.01"]
[Time "21:02:24"]
[PlyCount "55"]
[TimeControl "2700+10"]

1. e4 c6 2. c4 d5 3. exd5 cxd5 4. cxd5 Nf6 5. Bb5+ Bd7 6. Bc4 Bf5 7. Nc3 g6
8. Nf3 Bg7 9. O-O O-O 10. d3 Nbd7 11. Re1 Nb6 12. Qb3 Qc8 13. Rxe7 Rd8 14.
Ne5 Nxc4 15. dxc4 Re8 16. Rxe8+ Nxe8 17. Nf3 b6 18. Bf4 Bd3 19. Nd2 Qf5 20.
Bg3 Bc2 21. Qb5 Bf8 22. Re1 Nd6 23. Bxd6 Bxd6 24. Nde4 Bf4 25. d6 Rd8 26.
Qxf5 gxf5 27. Nf6+ Kf8 28. d7 { Black resigns } 1-0

[Event "ICC tourney 2462 (45 10)"]
[Site "Internet Chess Club"]
[Date "2021.03.20"]
[Round "5"]
[White "POMPE, NIKO:kralj8"]
[Black "JIA, PAUL GUOYU:liguowh"]
[Result "0-1"]
[ICCResult "White resigns"]
[WhiteElo "1917"]
[BlackElo "1972"]
[Opening "Sicilian: closed"]
[ECO "B23"]
[NIC "SI.44"]
[Time "21:02:24"]
[PlyCount "66"]
[TimeControl "2700+10"]

1. e4 c5 2. Nc3 d6 3. f4 Nf6 4. Nf3 Nc6 5. Bb5 e6 6. Bxc6+ bxc6 7. O-O Be7
8. d3 O-O 9. b3 Qc7 10. Bb2 d5 11. e5 Nd7 12. Qe1 a5 13. Na4 c4 14. dxc4
dxc4 15. Kh1 Ba6 16. Rf2 cxb3 17. axb3 c5 18. c4 Rfb8 19. Nd2 Bb7 20. Qe2
Nb6 21. Nxb6 Qxb6 22. Bc3 Bc6 23. Rff1 a4 24. bxa4 Rxa4 25. Rab1 Qc7 26.
Rxb8+ Qxb8 27. Rb1 Qa8 28. Nf1 Ra3 29. Bd2 h6 30. Ne3 Ra2 31. Rd1 Ba4 32.
Rc1 Qe4 33. Qf2 Qd4 { White resigns } 0-1

[Event "ICC tourney 2462 (45 10)"]
[Site "Internet Chess Club"]
[Date "2021.03.20"]
[Round "5"]
[White "NAIR, ADVAIT SHANKAR:sujashankar"]
[Black "LIU, RICHARD:TheCheekiBreeki"]
[Result "0-1"]
[ICCResult "White checkmated"]
[WhiteElo "1750"]
[BlackElo "1792"]
[Opening "Sicilian"]
[ECO "B50"]
[NIC "SI.01"]
[Time "21:02:38"]
[PlyCount "146"]
[TimeControl "2700+10"]

1. e4 c5 2. Nf3 d6 3. c3 Nf6 4. h3 Nc6 5. Bd3 g6 6. Bc2 Bg7 7. O-O O-O 8.
d4 cxd4 9. cxd4 e5 10. d5 Ne7 11. Nc3 Bd7 12. Be3 a6 13. Qd2 b5 14. a3 Rc8
15. Rac1 Kh8 16. Bd3 Nfg8 17. Bg5 f6 18. Bh4 Bh6 19. Qe2 Bxc1 20. Rxc1 Kg7
21. Rd1 Nh6 22. Qe3 Rc5 23. Ne2 Nf7 24. Nh2 g5 25. Bg3 Ng6 26. f3 Rg8 27.
Nf1 Nf4 28. Bxf4 gxf4 29. Qf2 Kf8 30. Kh2 Ke7 31. b4 Rc7 32. Qh4 h6 33. Nd2
Qf8 34. g3 Qg7 35. Rg1 Qg5 36. Qxg5 fxg5 37. gxf4 exf4 38. Nxf4 Rcc8 39.
Ng2 Ne5 40. Bb1 Rc7 41. Rf1 Rgc8 42. f4 gxf4 43. Rxf4 Rf8 44. Rxf8 Kxf8 45.
Nf4 Nc4 46. Nf3 Nxa3 47. Bd3 Nc2 48. e5 Nxb4 49. exd6 Nxd3 50. Nxd3 Rc3 51.
Nfe5 Ke8 52. Nf4 a5 53. Ne6 a4 54. Nc7+ Kd8 55. Nc6+ Bxc6 56. dxc6 Rxc6 57.
Nxb5 Rb6 58. Na3 Rb3 59. Nc4 a3 60. Nxa3 Rxa3 61. Kg2 Kd7 62. Kh2 Kxd6 63.
Kg2 Ke5 64. Kf2 Kf4 65. Kg2 Ra2+ 66. Kf1 Kf3 67. Ke1 Rh2 68. h4 h5 69. Kd1
Ke3 70. Kc1 Kd3 71. Kb1 Kc3 72. Ka1 Kb3 73. Kb1 Rh1# { White checkmated }
0-1

[Event "ICC tourney 2462 (45 10)"]
[Site "Internet Chess Club"]
[Date "2021.03.20"]
[Round "5"]
[White "YERRAJENNU, SISIRA S:ybabji"]
[Black "CAREY, MICHAEL P:xyzchessdude"]
[Result "1/2-1/2"]
[ICCResult "Game drawn by repetition"]
[WhiteElo "1921"]
[BlackElo "1953"]
[Opening "Sicilian: Alapin's variation (2.c3)"]
[ECO "B22"]
[NIC "SI.46"]
[Time "21:02:20"]
[PlyCount "85"]
[TimeControl "2700+10"]

1. e4 c5 2. c3 d5 3. exd5 Qxd5 4. d4 Nf6 5. Be3 cxd4 6. cxd4 e6 7. Nc3 Qd8
8. Nf3 Be7 9. Bd3 O-O 10. O-O Nc6 11. Ne4 Nb4 12. Nxf6+ Bxf6 13. Be4 Nd5
14. Ne5 Bd7 15. Qd3 g6 16. Bh6 Bg7 17. Bxg7 Kxg7 18. Qg3 Bb5 19. Rfc1 Rc8
20. Rxc8 Qxc8 21. Bxd5 exd5 22. Qb3 Bc4 23. Qb4 Ba6 24. Qd2 Qf5 25. Rc1 Rc8
26. Rxc8 Qxc8 27. Qf4 Qe6 28. h3 h5 29. Qg5 Be2 30. Qd8 Bb5 31. b3 Bc6 32.
h4 Qe8 33. Qd6 f6 34. Qc7+ Kg8 35. Nxc6 bxc6 36. Qd6 Qe1+ 37. Kh2 Qxf2 38.
Qd8+ Kg7 39. Qe7+ Kg8 40. Qe8+ Kg7 41. Qe7+ Kg8 42. Qe6+ Kg7 43. Qe7+ {
Game drawn by repetition } 1/2-1/2

[Event "ICC tourney 2462 (45 10)"]
[Site "Internet Chess Club"]
[Date "2021.03.20"]
[Round "5"]
[White "GARDEZI, ARSAL:Arsalchess"]
[Black "YAN, NATHAN:Natey"]
[Result "0-1"]
[ICCResult "White resigns"]
[WhiteElo "1859"]
[BlackElo "1868"]
[Opening "Ruy Lopez: 5.O-O"]
[ECO "C78"]
[NIC "RL.12"]
[Time "21:02:47"]
[PlyCount "70"]
[TimeControl "2700+10"]

1. e4 e5 2. Nf3 Nc6 3. Bb5 a6 4. Ba4 Nf6 5. O-O b5 6. Bb3 Bc5 7. c3 d6 8.
Re1 O-O 9. h3 Bb7 10. d3 Ne7 11. Nbd2 Ng6 12. Nf1 Re8 13. Ng3 d5 14. Bg5
dxe4 15. Nxe4 Bxe4 16. Rxe4 h6 17. Bxf6 Qxf6 18. Qe1 Nf4 19. d4 Qg6 20.
Rxf4 exf4 21. Ne5 Rxe5 22. Qxe5 Bd6 23. Qe2 Rf8 24. Bd5 Kh8 25. a4 bxa4 26.
Rxa4 Qb1+ 27. Qf1 Qxb2 28. Qe1 Qb5 29. Bb3 Qxb3 30. Rxa6 Qb7 31. Ra5 Qb2
32. Rd5 Ra8 33. Kh2 f3+ 34. g3 Qe2 35. Qg1 Ra1 { White resigns } 0-1

[Event "ICC tourney 2462 (45 10)"]
[Site "Internet Chess Club"]
[Date "2021.03.20"]
[Round "5"]
[White "CHAMPSI, IMRAN:imranchamp"]
[Black "GAW, CHLOE:HarleyQueen8"]
[Result "0-1"]
[ICCResult "White checkmated"]
[WhiteElo "1813"]
[BlackElo "1866"]
[Opening "Sicilian: Grand Prix attack, Schofman variation"]
[ECO "B23"]
[NIC "SI.44"]
[Time "21:02:28"]
[PlyCount "98"]
[TimeControl "2700+10"]

1. e4 c5 2. Nc3 Nc6 3. f4 g6 4. Nf3 Bg7 5. Bc4 e6 6. f5 Nge7 7. fxe6 dxe6
8. O-O O-O 9. d3 Nd4 10. Nxd4 Bxd4+ 11. Kh1 Bg7 12. Qe1 Nc6 13. Ne2 Na5 14.
Bb3 Nxb3 15. axb3 Bd7 16. Nc3 Bc6 17. Be3 b6 18. Qg3 Qb8 19. Bf4 Qb7 20.
Be5 Qe7 21. Bd6 Qd7 22. Bxf8 Rxf8 23. Ra2 a5 24. Nd1 Bb5 25. Nf2 h5 26. Nd1
Bc6 27. Ne3 Bb5 28. Nc4 Bxc4 29. bxc4 Qe7 30. Ra3 Qd7 31. Rb3 Qc6 32. Ra1
Kh7 33. Rb5 Kh6 34. Ra3 f5 35. h3 fxe4 36. dxe4 Rf1+ 37. Kh2 Bd4 38. h4
Qxe4 39. Qg5+ Kg7 40. Rf3 Be5+ 41. Rg3 Bxg3+ 42. Qxg3 Rf4 43. Rb3 Rxh4+ 44.
Kg1 Qd4+ 45. Re3 Re4 46. Kf2 Qd2+ 47. Kf1 Qxe3 48. Qc7+ Kh6 49. Qd8 Qe1# {
White checkmated } 0-1

[Event "ICC tourney 2462 (45 10)"]
[Site "Internet Chess Club"]
[Date "2021.03.20"]
[Round "5"]
[White "GUEVARA-RODRIGUEZ, MARIO:aquilesboy"]
[Black "OBERAI, VIKRAM:vober6"]
[Result "1/2-1/2"]
[ICCResult "Game drawn by mutual agreement"]
[WhiteElo "1884"]
[BlackElo "1919"]
[Opening "Réti opening"]
[ECO "A06"]
[NIC "QP.09"]
[Time "21:02:22"]
[PlyCount "105"]
[TimeControl "2700+10"]

1. Nf3 d5 2. e3 Nf6 3. c4 e6 4. b3 Bd6 5. Bb2 O-O 6. Nc3 c6 7. Be2 Qe7 8.
d4 Nbd7 9. O-O b6 10. Qc2 Bb7 11. e4 dxe4 12. Nxe4 Nxe4 13. Qxe4 Nf6 14.
Qh4 h6 15. Rad1 Nh7 16. Qxe7 Bxe7 17. Ne5 Rfd8 18. Bf3 Rac8 19. g3 Nf8 20.
Nd3 Ng6 21. Rfe1 Bf6 22. Ne5 Nxe5 23. dxe5 Be7 24. a3 Kf8 25. Kf1 Ke8 26.
Ke2 Ba6 27. Rxd8+ Bxd8 28. Kd1 Bg5 29. Kc2 Be7 30. Rd1 b5 31. Be2 Bb7 32.
Kb1 a6 33. Ka2 Rd8 34. Rxd8+ Kxd8 35. Bd4 c5 36. Be3 bxc4 37. Bxc4 Kc7 38.
f4 a5 39. Bd2 Kb6 40. Kb2 Bd5 41. Kc3 Bxc4 42. Kxc4 h5 43. h3 g6 44. g4
hxg4 45. hxg4 Bf8 46. Be3 Kc6 47. Bd2 Kb6 48. a4 Be7 49. Kd3 Bd8 50. Ke4
Kc6 51. Bc3 Bc7 52. Be1 Bd8 53. Bc3 { Game drawn by mutual agreement }
1/2-1/2